cohdb
Replays
Latest Replays
All Replays
Popular Replays
Top Player Replays
Match Explorer
How It Works
Community
CoH3 Stats
Reddit
Sign in to upload your games and track your stats! →
Sign in with Steam
Match 42889043
Unlisted
Match 42889043
Overview
Messages
Build Orders
End
Construct Infanterie Kompanie
MG 42 Machine Gun Team
MG 42 Machine Gun Team
GrW 34 Mortar Team
Grenadier Squad
Construct Luftwaffe Kompanie
Support Elements
Pioneer Squad
Jäger Squad
Wirbelwind Flakpanzer
Construct Panzer Kompanie
Stoßtruppen Squad
Selects Breakthrough Battlegroup
Stoßtruppen Squad
Selects 2.5-tonne Cargo Truck
Selects Blitzkrieg
2.5-tonne Cargo Truck
Selects Assault Grenadiers
Sturmpanzer IV Brummbär
Marder III M Tank Destroyer
Selects Tiger Heavy Tank
turbine
AbductedPug
Scythe434
zoomy2
Skibana
Tok3n x Operator
chasedirig
TechT0nic
0
0
Comments
sign in to comment!
No comments posted yet!